 Dungeon Crawl Stone Soup version 0.31-a0-276-ge00219d475 (webtiles) character file.

Game seed: 11226181484302524671

12124 IndexError the Grappler (level 11, -17/109 HPs)
             Began as a Troll Shapeshifter on July 13, 2023.
             Was a High Priest of Okawaru.
             Demolished by a very large slime creature (41 damage)
             ... on level 10 of the Dungeon on July 15, 2023.
             The game lasted 00:20:00 (10348 turns).

IndexError the Grappler (Troll Shapeshifter)       Turns: 10348, Time: 00:20:01

Health: -17/109    AC:  3    Str: 27    XL:     11   Next: 58%
Magic:  15/15      EV: 10    Int:  4    God:    Okawaru [*****.]
Gold:   1121       SH:  0    Dex: 12    Spells: 10/10 levels left

rFire   + .          .
                       - Unarmed
rCold   . . .        (no shield)
rNeg    . . .        p - melded +2 robe {Will+}
rPois   .            C - +0 hat
rElec   .            m - +0 cloak
rCorr   .            (gloves unavailable)
SInv    .            (boots unavailable)
Will    .....        u - amulet of magic regeneration
Stlth   +            k - +4 ring of slaying
HPRegen 1.18/turn    F - ring of protection from fire {rF+, !d}
MPRegen 0.54/turn

%: no passive effects
@: maw-form
A: devouring maw, large, unfitting armour, claws 3, regeneration 1, shaggy fur
1, tough skin 1
a: Begin Untransformation, Renounce Religion, Heroism, Finesse, Duel


You were on level 10 of the Dungeon.
You worshipped Okawaru.
Okawaru was extremely pleased with you.
You were a creature with a mouth for a stomach.
You visited 1 branch of the dungeon, and saw 11 of its levels.
You also visited: Ossuary and Bailey.

You collected 1121 gold pieces.

Inventory:

Missiles
 d - a javelin
 P - a throwing net {=f, !d}
Armour
 m - a +0 cloak (worn)
   (You found it on level 2 of the Dungeon)
 p - a +2 robe of willpower (melded)
   (You found it in a bailey)
 C - a +0 hat (worn)
   (You found it on level 4 of the Dungeon)
Magical Staves
 a - a staff of air {rElec}
   (You found it on level 9 of the Dungeon)
Jewellery
 k - a +4 ring of slaying (left claw)
   (You found it on level 1 of the Dungeon)
 u - an amulet of magic regeneration (around neck)
   (You found it on level 2 of the Dungeon)
 F - a ring of protection from fire (right claw) {rF+, !d}
   (You found it on level 5 of the Dungeon)
 N - a ring of positive energy {rN+}
   (You found it on level 10 of the Dungeon)
 Q - a ring of fire {rF+, rC-}
   (You found it on level 10 of the Dungeon)
Talismans
 c - a beast talisman
 q - a maw talisman
   (You found it on level 9 of the Dungeon)
Wands
 e - a wand of iceblast (3)
   (You found it on level 6 of the Dungeon)
 g - a wand of paralysis (13)
   (You found it on level 7 of the Dungeon)
 G - a wand of mindburst (13)
   (You found it on level 5 of the Dungeon)
 O - a wand of digging (5)
   (You found it on level 10 of the Dungeon)
Scrolls
 f - a scroll of amnesia
 n - 3 scrolls of vulnerability {!r!r}
 r - 2 scrolls of identify
 s - 3 scrolls of fear
 t - a scroll of immolation {!r}
 x - 4 scrolls of enchant weapon
 y - 3 scrolls of revelation
 A - 4 scrolls of blinking {!r}
 D - 3 scrolls of teleportation
 E - 2 scrolls of summoning
 H - a scroll of torment {!r}
 I - 2 scrolls of fog
 L - a scroll of acquirement {unknown}
 M - 2 scrolls of brand weapon
Potions
 b - a potion of lignification {!q}
 h - 5 potions of heal wounds {unknown}
 i - 2 potions of resistance {unknown}
 j - 3 potions of degeneration {unknown}
 l - a potion of enlightenment
 o - a potion of experience {unknown}
 v - 2 potions of attraction {!q}
 w - 4 potions of brilliance {unknown}
 z - 4 potions of curing {unknown}
 B - 5 potions of haste {unknown}
 J - a potion of invisibility
 K - a potion of mutation {!q}


   Skills:
 + Level 7.0 Fighting
 - Level 1.7 Dodging
 - Level 10.0 Unarmed Combat
 + Level 7.3 Invocations
 - Level 10.0 Shapeshifting


You had 10 spell levels left.
You didn't know any spells.
Your spell library was empty.

Dungeon Overview and Level Annotations

Branches:
Dungeon (11/15)            Temple (0/1) D:4            Lair (0/5) D:10
Ossuary (visited)          Bailey (visited)
    Orc: D:9-12

Altars:
Ashenzari
Cheibriados
Fedhas
Gozag
Okawaru
Qazlal
Ru
Vehumet
The Shining One

Portals:
Trove: D:10 (give horn of Geryon)


Innate Abilities, Weirdness & Mutations

You are a creature with a mouth for a stomach.
Your midsection houses a second, enormous mouth.
You are too large for most types of armour.
You have claws for hands.
Your natural rate of healing is unusually fast.
You are covered in fur. (AC +1)
You have tough skin. (AC +1)


Message History

You take 6 damage, and have 87/107 hp.
You closely miss the kobold brigand. You mangle the kobold brigand!!
The kobold hits you but does no damage. x2
The kobold brigand completely misses you.
You scratch the kobold brigand. You claw the kobold brigand.
Okawaru accepts your kill.
The kobold hits you but does no damage. x2
Your Fighting skill increases to level 7!
You regained 3 hp, and now have 92/109 hp.
You mangle the kobold!! The kobold closely misses you.
You claw the kobold!
No target in view!
No target in view!
No target in view!
You begin transforming.
You continue transforming. x3
Your transformation has ended.
Your +0 cloak unmelds from your body.
Your +0 hat unmelds from your body.
You turn into a creature with a mouth for a stomach.
Your +2 robe of willpower melds into your body.
You feel less strong-willed.
You regained 5 hp, and now have 99/109 hp.
You climb downwards.
A slime creature comes into view.
Two slime creatures merge to form a large slime creature.
The kobold misses you. The kobold hits you but does no damage.
The kobold hits you with a +0 short sword.
There is a stone staircase leading up here.
You completely miss the orc wizard. Your bite misses the orc wizard.
The kobold hits you with a +0 whip. The orc wizard closely misses you.
The kobold hits you with a +0 short sword. x2
You take 5 damage, and have 95/109 hp.
You barely miss the orc wizard. You bite the orc wizard!
The kobold barely misses you.
The orc wizard mumbles some strange words.
The orc wizard flickers and vanishes!
Deactivating autopickup; reactivate with Ctrl-A.
The orc hits you with a +0 mace.
The kobold hits you with a +0 short sword.
The kobold hits you but does no damage.
You take 2 damage, and have 93/109 hp.
You scratch the kobold.
You devour the kobold!
You feel better. The kobold closely misses you. The orc barely misses you.
Something hits you.
The kobold hits you with a +0 short sword.
You take 2 damage, and have 91/109 hp.
You mangle the large slime creature!! You scratch the large slime creature.
You bite the large slime creature!! The kobold hits you but does no damage.
The orc hits you with a +0 mace! The large slime creature hits you!!
Two slime creatures merge to form a very large slime creature.
Something hits you. The kobold closely misses you.
You take 27 damage, and have 65/109 hp.
MASSIVE DAMAGE!!
You are too injured to fight recklessly!
The kobold hits you with a +0 short sword.
The orc hits you with a +0 mace.
You hear some strange, mumbled words.
Something tries to affect you, but you resist.
The kobold hits you with a +0 short sword.
You climb upwards.
Reactivating autopickup.
There is a stone staircase leading down, spattered with blood here.
You take 5 damage, and have 60/109 hp.
You mangle the kobold!!
You devour the kobold!
You feel better.
The very large slime creature hits you but does no damage.
Something hits you.
Deactivating autopickup; reactivate with Ctrl-A.
The orc hits you with a +0 mace. The kobold hits you but does no damage.
The very large slime creature attacks as you move away!
The very large slime creature barely misses you.
Something hits you.
The kobold hits you with a +0 short sword.
You see here a +0 short sword.
You take 5 damage, and have 55/109 hp.
The very large slime creature attacks as you move away!
The very large slime creature hits you! Something hits you.
You take 17 damage, and have 38/109 hp.
The kobold attacks as you move away! The kobold hits you but does no damage.
You hear some strange, mumbled words.
A puff of flame appears from out of thin air!
The puff of flame misses you.
You regained 2 hp, and now have 40/109 hp.
The kobold attacks as you move away! The kobold barely misses you.
The orc attacks as you move away! The orc barely misses you.
The kobold hits you with a +0 short sword.
You take 3 damage, and have 39/109 hp.
The kobold attacks as you move away! The kobold barely misses you.
The very large slime creature attacks as you move away!
The very large slime creature barely misses you.
You regained 2 hp, and now have 42/109 hp.
The kobold attacks as you move away! The kobold hits you but does no damage.
The kobold attacks as you move away! The kobold closely misses you.
The kobold attacks as you move away! The kobold barely misses you.
There is an open door here.
The very large slime creature attacks as you move away!
The very large slime creature hits you!!
* * * LOW HITPOINT WARNING * * *
You take 24 damage, and have 22/109 hp.
MASSIVE DAMAGE!!
You regained 2 hp, and now have 24/109 hp.
The very large slime creature attacks as you move away!
The very large slime creature hits you!!!
You die...

...# #............# .>.#
###............# #
)<.##########..............# #
...........................######
.................................
.................................
####.........(...[...............
#.###########.....############
#.#.........#W#####...........
#.#.........#J#...............
####.#.........#.K...............
.....#.........###..............#
.....#............o...........(..
.....#.######....................
.....#.#....#...o................
.....#.#....#.......###########..
.....#)#....#.......#........##..


You could see a very large slime creature, an orc and a kobold.

Vanquished Creatures
  Erolcha (D:9)
  3 two-headed ogres
  A gargoyle (Bailey)
  A rime drake (D:10)
  Grinder (D:6)
  A wraith (D:11)
  A shadow (D:10)
  A vampire (Bailey)
  Sigmund (D:5)
  9 yaks
  A wyvern (D:7)
  An acid dragon (D:10)
  Edmund (D:5)
  2 water moccasins (D:7)
  2 black bears (D:5)
  4 ice beasts
  6 orc warriors
  3 sky beasts
  4 wolves (D:10)
  An ogre (D:7)
  2 centaurs (D:6)
  3 phantoms
  3 kobold brigands
  A gnoll sergeant (D:7)
  4 bullfrogs
  3 scorpions
  5 wyvern zombies (Ossuary)
  10 wights
  An electric eel (D:6)
  8 howler monkeys
  7 vampire bats (Bailey)
  6 wolf zombies (Bailey)
  8 bullfrog zombies (Ossuary)
  5 centaur zombies (Ossuary)
  7 orc priests
  5 hounds
  2 jellies
  2 gnoll boudas
  4 iguanas
  10 orc wizards
  2 sleepcaps (D:7)
  A killer bee zombie (Ossuary)
  9 mummies (Ossuary)
  20 gnolls
  3 howler monkey zombies (Ossuary)
  5 adders
  A white imp (D:7)
  2 ufetubi (D:6)
  23 orcs
  2 bats
  6 endoplasms
  8 giant cockroaches
  13 goblins
  3 hobgoblins
  14 jackals
  A quokka (D:1)
  7 ball pythons
  4 frilled lizards
  9 kobolds
  23 orc zombies (Bailey)
  4 rats
301 creatures vanquished.

Vanquished Creatures (others)
  An orc wizard (D:4)
1 creature vanquished.

Grand Total: 302 creatures vanquished

Notes
Turn   | Place    | Note
-------+----------+-------------------------------------------
     0 | D:1      | IndexError the Troll Shapeshifter began the quest for the
                  | Orb.
     0 | D:1      | Reached XP level 1. HP: 19/19 MP: 0/0
   161 | D:1      | Reached XP level 2. HP: 27/27 MP: 1/1
   338 | D:1      | You fall into a shaft and drop 1 floor!
   446 | D:2      | Found a faded altar of an unknown god.
   497 | D:2      | Prayed at the altar of an unknown god.
   497 | D:2      | Became a worshipper of Warmaster Okawaru
   497 | D:2      | Reached * piety under Okawaru
   564 | D:2      | Reached XP level 3. HP: 33/33 MP: 2/2
   824 | D:2      | Reached skill level 3 in Unarmed Combat
  1412 | D:3      | Reached XP level 4. HP: 41/41 MP: 3/3
  2223 | D:1      | Reached skill level 4 in Shapeshifting
  2629 | D:4      | Reached XP level 5. HP: 48/48 MP: 4/4
  2687 | D:4      | Reached skill level 4 in Unarmed Combat
  3104 | D:4      | Reached ** piety under Okawaru
  3105 | D:4      | Reached XP level 6. HP: 37/55 MP: 5/5
  3413 | D:4      | Found a staircase to the Ecumenical Temple.
  3552 | D:5      | Entered Level 5 of the Dungeon
  3609 | D:5      | Reached skill level 5 in Unarmed Combat
  3609 | D:5      | Reached skill level 5 in Shapeshifting
  3768 | D:5      | Reached XP level 7. HP: 44/62 MP: 6/6
  3774 | D:5      | Reached skill level 6 in Unarmed Combat
  3775 | D:5      | HP: 13/62 [wight/+2 trident of freezing (14)]
  3775 | D:5      | HP: 5/60 [wight/+2 trident of freezing (6)]
  3904 | D:5      | Found a sand-covered staircase.
  3926 | Ossuary  | Entered an ossuary
  3969 | Ossuary  | Reached skill level 6 in Shapeshifting
  3974 | Ossuary  | Reached *** piety under Okawaru
  4002 | Ossuary  | Reached XP level 8. HP: 67/70 MP: 7/7
  4010 | Ossuary  | Reached skill level 7 in Unarmed Combat
  4209 | Ossuary  | Reached skill level 7 in Shapeshifting
  4251 | Ossuary  | Reached skill level 8 in Unarmed Combat
  4330 | D:5      | Reached **** piety under Okawaru
  4575 | D:5      | Noticed Edmund
  4581 | D:5      | Killed Edmund
  4582 | D:5      | Reached XP level 9. HP: 56/76 MP: 8/8
  4608 | D:5      | Noticed Sigmund
  4613 | D:5      | Killed Sigmund
  5049 | D:6      | Reached skill level 9 in Unarmed Combat
  5093 | D:6      | Noticed Grinder
  5098 | D:6      | Killed Grinder
  5099 | D:6      | Reached skill level 8 in Shapeshifting
  5179 | D:6      | Found a radiant altar of Vehumet.
  5206 | D:6      | HP: 17/76 [electric eel/bolt of electricity (11)]
  5280 | D:6      | Found an opulent altar of Gozag.
  5443 | D:6      | HP: 19/76 [gnoll/+0 spear[a gnoll bouda] (4)]
  5514 | D:6      | Found a stormy altar of Qazlal.
  5564 | D:6      | Reached ***** piety under Okawaru
  6177 | D:7      | Found a broken altar of Ashenzari.
  6197 | D:7      | Reached skill level 10 in Unarmed Combat
  6197 | D:7      | HP: 16/76 [orc/+0 flail (5)]
  6347 | D:7      | Reached skill level 9 in Shapeshifting
  6504 | D:7      | Reached XP level 10. HP: 82/85 MP: 7/9
  6561 | D:7      | Reached skill level 10 in Shapeshifting
  6632 | D:7      | Reached skill level 2 in Fighting
  6632 | D:7      | Reached skill level 1 in Invocations
  6666 | D:7      | Received a gift from Okawaru
  6792 | D:7      | Reached skill level 2 in Invocations
  6894 | D:7      | Found a blossoming altar of Fedhas.
  6894 | D:7      | Found a sacrificial altar of Ru.
  7052 | D:8      | Found a flagged portal.
  7065 | D:8      | Reached skill level 3 in Fighting
  7076 | Bailey   | Entered a bailey
  7297 | Bailey   | Reached skill level 3 in Invocations
  7301 | Bailey   | Received a gift from Okawaru
  7366 | Bailey   | Noticed a gargoyle
  7370 | Bailey   | Killed a gargoyle
  7409 | Bailey   | Reached skill level 4 in Fighting
  7461 | Bailey   | Reached skill level 4 in Invocations
  8039 | D:8      | Identified the +5 quarterstaff of the Endless Expanse
                  | {freeze, rC+ Str+3 Int+2}
  8120 | D:8      | Found a snail-covered altar of Cheibriados.
  8261 | D:8      | Found a glowing golden altar of the Shining One.
  8464 | D:9      | Upgraded the game from 0.31-a0-256-g80acddb972 to
                  | 0.31-a0-276-ge00219d475
  8592 | D:9      | Noticed Erolcha
  8600 | D:9      | Killed Erolcha
  8601 | D:9      | Reached skill level 5 in Fighting
  8601 | D:9      | Reached skill level 5 in Invocations
  8737 | D:9      | Noticed a two-headed ogre
  8742 | D:9      | Killed a two-headed ogre
  8743 | D:9      | Reached XP level 11. HP: 66/104 MP: 12/14
  9327 | D:10     | Entered Level 10 of the Dungeon
  9327 | D:10     | Noticed a two-headed ogre
  9350 | D:10     | Killed a two-headed ogre
  9350 | D:10     | Received a gift from Okawaru
  9448 | D:10     | Reached skill level 6 in Invocations
  9547 | D:10     | Reached skill level 6 in Fighting
  9784 | D:10     | Found a staircase to the Lair.
  9851 | D:10     | Noticed a two-headed ogre
  9856 | D:10     | Killed a two-headed ogre
  9994 | D:10     | Found a portal to a secret trove of treasure.
 10259 | D:11     | Reached skill level 7 in Invocations
 10317 | D:10     | Reached skill level 7 in Fighting
 10346 | D:10     | HP: 21/109 [very large slime creature (25)]
 10348 | D:10     | Demolished by a very large slime creature

Illustrated notes

Levels and vault maps discovered:
D:1:      minmay_arrival_loop, layout_rooms, serial_bayou_lagoon_b
D:2:      layout_basic, shapermc_ecumenical_altar_totnotflames
D:3:      layout_basic
D:4:      layout_basic, minmay_temple_entry_fiery, small_statue_intersection
D:5:      layout_layer_cave, nicolae_overflow_hidden_temple,
          nicolae_ossuary_entry_monument, sigmund_edmund_badplayer
D:6:      layout_loops_ring, nicolae_qazlal_eye_of_the_storm,
          mainiacjoe_overflow_surrounded_room, mainiacjoe_overflow_brackets,
          serial_bayou, serial_bayou_pond_d, serial_bayou_ford_a,
          serial_bayou_pond_c, serial_bayou_crossing,
          minmay_misc_feat_secret_circle, kb_lookout_dungeons_type, uniq_grinder
D:7:      minmay_polygon_palace, layout_rooms, general_overflow_altar,
          gammafunk_temple_overflow_statue, grunt_ministairs_7
D:8:      layout_basic, lemuel_coloured_pillars_altar,
          mainiacjoe_overflow_six_doors_small, enter_bailey_5
D:9:      layout_stronghold, uniq_erolcha
D:10:     layout_irregular_city, hellmonk_lair_entry_icy, enter_trove_3
D:11:     layout_basic, uniq_nergalle

Skill      XL: |  1  2  3  4  5  6  7  8  9 10 11 |
---------------+----------------------------------+-----
Unarmed Combat | 3 4 5 6 8 10 | 10.0
Shapeshifting  | 4 5 6 7 9 10 | 10.0
Fighting       | 5 7 |  7.0
Invocations    | 5 7 |  7.3
Dodging        | |  1.7

Action                     |  1- 3 |  4- 6 |  7- 9 | 10-12 || total
---------------------------+-------+-------+-------+-------++-------
  Melee: Unarmed           |    52 |    92 |   222 |   266 ||   632
         Punch             |       |       |     9 |    20 ||    29
         Maw               |       |       |       |     7 ||     7
 Invoke: Heroism           |       |       |     1 |    11 ||    12
         Finesse           |       |       |       |     1 ||     1
  Evoke: Wand              |       |       |     2 |       ||     2
    Use: Scroll            |       |       |    16 |     2 ||    18
   Stab: Sleeping          |     1 |     1 |       |       ||     2
 Armour: Animal skin       |    24 |    28 |    41 |    37 ||   130
         Robe              |       |       |       |    36 ||    36
         Skin              |       |       |       |     7 ||     7
  Dodge: Dodged            |    27 |    40 |    99 |   158 ||   324
   Form: Beast             |     1 |     1 |       |     2 ||     4
                           |     1 |     1 |       |       ||     2
         Maw               |       |       |       |     3 ||     3

Table legend: (Time is in decaauts)
 A = Elapsed time spent in this place.
 B = Non-inter-level travel time spent in this place.
 C = Inter-level travel time spent in this place.
 D = Time resting spent in this place.
 E = Time spent auto-exploring this place.
 F = Levels seen in this place.
 G = Mean time per level.
                   A        B        C        D        E       F      G
               +--------+--------+--------+--------+--------+-----+--------+
         Total |  10272 |   9081 |   1191 |     94 |   7139 |  13 |  790.2 |
       Dungeon |   9380 |   8189 |   1191 |     94 |   6621 |  11 |  852.7 |
       Ossuary |    383 |    383 |      0 |      0 |    243 |   1 |  383.0 |
        Bailey |    508 |    508 |      0 |      0 |    275 |   1 |  508.0 |
               +--------+--------+--------+--------+--------+-----+--------+

Top non-repeatable levels by time:
     D:2: 1241 daAuts
     D:5: 1098 daAuts
     D:6: 1044 daAuts
     D:9: 979 daAuts
     D:4: 941 daAuts
     D:7: 921 daAuts
     D:8: 889 daAuts
    D:10: 861 daAuts
     D:3: 788 daAuts
     D:1: 575 daAuts
  Bailey: 508 daAuts
 Ossuary: 383 daAuts
    D:11: 36 daAuts

Levels and vault maps discovered:
D:1:      minmay_arrival_loop, layout_rooms, serial_bayou_lagoon_b
D:2:      layout_basic, shapermc_ecumenical_altar_totnotflames
D:3:      layout_basic
D:4:      layout_basic, minmay_temple_entry_fiery, small_statue_intersection
D:5:      layout_layer_cave, nicolae_overflow_hidden_temple,
          nicolae_ossuary_entry_monument, sigmund_edmund_badplayer
D:6:      layout_loops_ring, nicolae_qazlal_eye_of_the_storm,
          mainiacjoe_overflow_surrounded_room, mainiacjoe_overflow_brackets,
          serial_bayou, serial_bayou_pond_d, serial_bayou_ford_a,
          serial_bayou_pond_c, serial_bayou_crossing,
          minmay_misc_feat_secret_circle, kb_lookout_dungeons_type, uniq_grinder
D:7:      minmay_polygon_palace, layout_rooms, general_overflow_altar,
          gammafunk_temple_overflow_statue, grunt_ministairs_7
D:8:      layout_basic, lemuel_coloured_pillars_altar,
          mainiacjoe_overflow_six_doors_small, enter_bailey_5
D:9:      layout_stronghold, uniq_erolcha
D:10:     layout_irregular_city, hellmonk_lair_entry_icy, enter_trove_3
D:11:     layout_basic, uniq_nergalle

Table legend: (Time is in decaauts)
 A = Elapsed time spent in this place.
 B = Non-inter-level travel time spent in this place.
 C = Inter-level travel time spent in this place.
 D = Time resting spent in this place.
 E = Time spent auto-exploring this place.
 F = Levels seen in this place.
 G = Mean time per level.
                   A        B        C        D        E       F      G
               +--------+--------+--------+--------+--------+-----+--------+
         Total |  10272 |   9081 |   1191 |     94 |   7139 |  13 |  790.2 |
       Dungeon |   9380 |   8189 |   1191 |     94 |   6621 |  11 |  852.7 |
       Ossuary |    383 |    383 |      0 |      0 |    243 |   1 |  383.0 |
        Bailey |    508 |    508 |      0 |      0 |    275 |   1 |  508.0 |
               +--------+--------+--------+--------+--------+-----+--------+

Top non-repeatable levels by time:
     D:2: 1241 daAuts
     D:5: 1098 daAuts
     D:6: 1044 daAuts
     D:9: 979 daAuts
     D:4: 941 daAuts
     D:7: 921 daAuts
     D:8: 889 daAuts
    D:10: 861 daAuts
     D:3: 788 daAuts
     D:1: 575 daAuts
  Bailey: 508 daAuts
 Ossuary: 383 daAuts
    D:11: 36 daAuts

Table legend:
 A = Kills in this place as a percentage of kills in the entire game.
 B = Kills by you in this place as a percentage of kills by you in the entire game.
 C = Kills by friends in this place as a percentage of kills by friends in the entire game.
 D = Other kills in this place as a percentage of other kills in the entire game.
 E = Experience gained in this place as a percentage of experience gained in the entire game.
 F = Experience gained in this place divided by the number of levels of this place that you have seen.
                   A       B       C       D       E      F
               +-------+-------+-------+-------+-------+----------------------
         Total | 100.0 | 100.0 |   N/A | 100.0 | 100.0 | 1332.4
       Dungeon |  77.2 |  77.1 |   N/A | 100.0 |  84.1 | 1324.5
       Ossuary |  10.3 |  10.3 |   N/A |   0.0 |   7.5 | 1303.0
        Bailey |  12.6 |  12.6 |   N/A |   0.0 |   8.4 | 1449.0
               +-------+-------+-------+-------+-------+----------------------
